 Dungeon Crawl Stone Soup version 0.27.1-3-gb3d3a73c9e (webtiles) character file.

Game seed: 13922094295481224600

434 andesha the Cudgeller (level 7, -5/44 HPs)
             Began as a Gargoyle Fighter on Oct 19, 2021.
             Slain by a gnoll (9 damage)
             ... on level 4 of the Dungeon.
             The game lasted 00:06:21 (3112 turns).

andesha the Cudgeller (Gargoyle Fighter)            Turns: 3112, Time: 00:06:23

Health: -5/44      AC: 13    Str: 22    XL:     7   Next: 0%
Magic:  7/7        EV:  5    Int:  8    God:
Gold:   180        SH:  9    Dex:  9    Spells: 6/6 levels left

rFire    . . .     SeeInvis .   l - +1 whip (elec)
rCold    . . .     Faith    .   c - +0 kite shield
rNeg     + . .     Spirit   .   d - +0 chain mail
rPois    ∞         Reflect  .   (no helmet)
rElec    +         Harm     .   (no cloak)
rCorr    .         Rampage  .   (no gloves)
Will     .....                  (no boots)
Stlth    ..........             (no amulet)
HPRegen  0.14/turn              r - ring of wizardry
MPRegen  0.10/turn              (no ring)

@: no status effects
A: sickness immunity, AC +4, negative energy resistance 1, electricity
resistance, torment resistance 1, petrification resistance
a: no special abilities


You were on level 4 of the Dungeon.
You visited 1 branch of the dungeon, and saw 4 of its levels.

You collected 180 gold pieces.

Inventory:

Hand Weapons
 l - a +1 whip of electrocution (weapon)
Armour
 c - a +0 kite shield (worn)
 d - a +0 chain mail (worn)
Jewellery
 r - a ring of wizardry (left hand)
Wands
 o - a wand of paralysis (6)
Scrolls
 f - a scroll of fear
 i - a scroll of amnesia
 j - 2 scrolls of summoning {unknown}
 k - 3 scrolls of identify {unknown}
 m - a scroll of blinking {unknown}
 p - a scroll of enchant armour {unknown}
Potions
 a - a potion of cancellation {unknown}
 b - a potion of invisibility {unknown}
 e - 2 potions of attraction {unknown}
 g - 2 potions of heal wounds {unknown}
 h - a potion of curing {unknown}
 n - a potion of magic {unknown}
 q - a potion of brilliance {unknown}


   Skills:
 + Level 4.7 Fighting
 * Level 6.1 Maces & Flails
 - Level 3.2 Armour
 + Level 1.3 Dodging
 + Level 0.6 Stealth
 - Level 3.2 Shields


You had 6 spell levels left.
You didn't know any spells.
Your spell library contained the following spells:

 Spells                   Type           Power      Damage    Failure   Level
 Petrify                  Tmut/Erth      0%         N/A       100%        4
 Irradiate                Conj/Tmut      0%         3d13      100%        5
 Sublimation of Blood     Necr           Unusable   N/A       N/A         2

Dungeon Overview and Level Annotations

Branches:
Dungeon (4/15)
 Temple: D:4-7

Altars:
Vehumet
Zin


Innate Abilities, Weirdness & Mutations

You are immune to sickness and miasma.
Your stone body is resilient. (AC +4)
You are immune to poison.
You resist negative energy. (rN+)
You are resistant to electric shocks. (rElec)
You are resistant to unholy torment.
You are immune to petrification.


Message History

The gnoll suddenly stops moving!
The gnoll hits you from afar with a +0 spear!
* * * LOW HITPOINT WARNING * * *
Hit: l) +1 whip (elec)
Press: ? - help, Dir - move target, p - gnoll
Okay, then.
The gnoll hits you but does no damage.
Hit: l) +1 whip (elec)
Press: ? - help, Dir - move target, f/p - gnoll
Aim: a gnoll, wielding a +0 spear (fast, about 36% to evade your +1 whip of electrocution)
You hit the gnoll. Lightning courses through the gnoll!!
You kill the gnoll!
You have reached level 7!
Hit: l) +1 whip (elec)
Press: ? - help, Dir - move target, f - gnoll
Aim: a gnoll, wielding a +0 club (about 36% to evade your +1 whip of electrocution)
You hit the gnoll.
The gnoll is heavily wounded.
The gnoll hits you but does no damage.
The gnoll hits you from afar with a +0 halberd.
* * * LOW HITPOINT WARNING * * *
Hit: l) +1 whip (elec)
Press: ? - help, Dir - move target, f/p - gnoll
Aim: a gnoll, wielding a +0 club (heavily wounded, about 35% to evade your +1 whip of electrocution)
You hit the gnoll.
The gnoll is almost dead.
You block the gnoll's attack. The gnoll hits you but does no damage.
Hit: l) +1 whip (elec)
Press: ? - help, Dir - move target, f/p - gnoll
Aim: a gnoll, wielding a +0 club (almost dead, about 35% to evade your +1 whip of electrocution)
You barely miss the gnoll.
The gnoll is almost dead.
You block the gnoll's attack. The gnoll hits you but does no damage.
Hit: l) +1 whip (elec)
Press: ? - help, Dir - move target, f/p - gnoll
Aim: a gnoll, wielding a +0 club (almost dead, about 36% to evade your +1 whip of electrocution)
You whack the gnoll!
You kill the gnoll!
The gnoll hits you from afar with a +0 halberd!
You die...

..# #.# #.g #.#
##.####### .
#.g)...... ..
#.g####### ..
#.)####
###.##..@..#
...........#
.##........#
#..#.†...#
#..#.....#
#..##+##.# ###
.. #.###### #..
#.
#......#####++..
####............


You could see 2 gnolls.

Vanquished Creatures
  Grinder (D:3)
  A bullfrog skeleton (D:4)
  A centaur skeleton (D:3)
  A gnoll shaman (D:4)
  An orc wizard (D:3)
  3 gnolls (D:4)
  3 adders
  3 dart slugs
  3 orcs (D:3)
  3 ball pythons
  4 bats
  4 endoplasms
  4 giant cockroaches
  3 goblins
  9 hobgoblins
  7 jackals (D:1)
  6 kobolds
  3 quokkas
  A ball python zombie (D:3)
  6 frilled lizards
  9 rats
  A toadstool (D:4)
77 creatures vanquished.

Vanquished Creatures (others)
  2 fungi (D:4)
2 creatures vanquished.

Grand Total: 79 creatures vanquished

Notes
Turn   | Place    | Note
-------+----------+-------------------------------------------
     0 | D:1      | andesha the Gargoyle Fighter began the quest for the Orb.
     0 | D:1      | Reached XP level 1. HP: 14/14 MP: 1/1
   335 | D:1      | Reached XP level 2. HP: 20/20 MP: 2/2
  1139 | D:1      | Reached XP level 3. HP: 24/24 MP: 3/3
  1651 | D:2      | Reached skill level 3 in Maces & Flails
  1726 | D:2      | Reached XP level 4. HP: 27/29 MP: 4/4
  1775 | D:2      | Found a faded altar of an unknown god.
  2215 | D:3      | Noticed Grinder
  2221 | D:3      | Killed Grinder
  2222 | D:3      | Reached skill level 5 in Maces & Flails
  2222 | D:3      | Reached skill level 1 in Dodging
  2222 | D:3      | Reached XP level 5. HP: 33/34 MP: 5/5
  2222 | D:3      | Reached XP level 6. HP: 38/39 MP: 6/6
  2265 | D:3      | Found a radiant altar of Vehumet.
  2996 | D:4      | Found a glowing silver altar of Zin.
  3080 | D:4      | Reached skill level 6 in Maces & Flails
  3109 | D:4      | Reached XP level 7. HP: 7/44 MP: 7/7
  3112 | D:4      | Slain by a gnoll

Illustrated notes

Levels and vault maps discovered:
D:1:      dpeg_arrival_ratfight, layout_loops_ring, serial_park_tiny_pond,
          hangedman_decor_push, moated_statue, minivault_14,
          chequers_serial_rivers_micro_a, hangedman_feature_mirror,
          minmay_stone_trees_small
D:2:      layout_basic, ebering_ecumenical_altar_rust,
          kennysheep_generic_room_13
D:3:      layout_loops_ring, mainiacjoe_overflow_alcove_1, serial_undead,
          serial_undead_f, serial_undead_f, serial_undead_a, serial_undead_d,
          serial_undead_b, serial_undead_b, uniq_grinder
D:4:      layout_basic, grunt_temple_overflow_open, old_standard_altar,
          nicolae_overflow_crystal_walls, minmay_gold_behind_fungi,
          minmay_misc_feat_room

Skill      XL: |  1  2  3  4  5  6 |
---------------+-------------------+-----
Fighting       | 4 |  4.7
Maces & Flails | 3 5 6 |  6.1
Dodging        | 1 |  1.3
Armour         | |  3.2
Stealth        | |  0.6
Shields        | |  3.2

Action                   |  1- 3 |  4- 6 |  7- 9 || total
-------------------------+-------+-------+-------++-------
Melee: Flail             |   101 |       |       ||   101
       Whip              |    31 |   110 |     4 ||   145
Evoke: Wand              |       |     1 |       ||     1
  Use: Scroll            |       |     2 |       ||     2
       Potion            |       |     1 |       ||     1
Armor: Scale mail        |    85 |    21 |       ||   106
       Chain mail        |       |    28 |     3 ||    31
Dodge: Dodged            |    53 |    17 |       ||    70
Block: Kite shield       |    76 |    44 |     2 ||   122
